 Dungeon Sprint DCSS version 0.27-a0-366-g8badd94918 (webtiles) character file.

Game seed: 14396785517083922201

45 sahdkjhfkaj the Insei (level 3, 0/34 HPs)
             Began as an Octopode Transmuter on Feb 16, 2021.
             Slain by an adder skeleton (4 damage)
             ... in the Dungeon (Sprint IX: "|||||||||||||||||||||||||||||").
             The game lasted 00:00:12 (67 turns).

sahdkjhfkaj the Insei (Octopode Transmuter)           Turns: 67, Time: 00:00:13

Health: 0/34       AC:  1    Str: 10    XL:     3   Next: 64%
Magic:  3/6        EV: 13    Int: 15    God:
Gold:   0          SH:  0    Dex: 12    Spells: 5/6 levels left

rFire    . . .     SeeInvis .     - Unarmed
rCold    . . .     Faith    .   (no shield)
rNeg     . . .     Spirit   .   (helmet currently unavailable)
rPois    .         Reflect  .   (no amulet)
rElec    .         Harm     .   (no ring)
rCorr    .         Rampage  .   (no ring)
Will     .....     NoTele   +   (no ring)
Stlth    ..........             (no ring)
HPRegen  0.11/turn              (no ring)
MPRegen  0.10/turn              (no ring)
                                (no ring)
                                (no ring)

@: berserking (expiring), appendages (expiring), very quick
A: almost no armour, stealthy swim, amphibious, 8 rings, constrict 8, tentacle
spike 3, camouflage 1, gelatinous body 1
a: End Transformation


You were in the Dungeon.
One of your tentacles had a temporary spike.
You visited 1 branch

Inventory:

Scrolls
 g - a scroll of blinking {@r4}
Potions
 b - a potion of curing {@q1}
 c - a potion of heal wounds {@q2}
 d - a potion of haste {@q3}
 e - 2 potions of magic


   Skills:
 - Level 1.0 Fighting
 - Level 2.0 Dodging
 + Level 7.5 Unarmed Combat
 - Level 2.0 Spellcasting
 - Level 2.0 Transmutations


You had 5 spell levels left.
You knew the following spells:

 Your Spells              Type           Power        Failure   Level
a - Beastly Appendage     Tmut           14%          10%         1

Your spell library contained the following spells:

 Spells                   Type           Power        Failure   Level
 Wereblood                Tmut           7%           14%         2
 Spider Form              Tmut/Pois      2%           41%         3
 Ice Form                 Ice/Tmut       4%           82%         4
 Blade Hands              Tmut           3%           95%         5


Dungeon Overview and Level Annotations

Branches:
Dungeon (1/1)

Altars:


Innate Abilities, Weirdness & Mutations

You cannot wear most types of armour.
You are very stealthy in the water. (Stealth+)
You are amphibious.
You can wear up to eight rings at the same time.
You can use your tentacles to constrict eight enemies at once.
Your skin changes colour to match your surroundings (Stealth+).
Your rubbery body absorbs attacks. (AC +1, EV +1)
One of your tentacles bears a large vicious spike.


Message History

You constrict the leopard gecko.
The hound barks!
The adder hisses angrily.
The leopard gecko closely misses you.
Okay, then.
Casting: Beastly Appendage (safe; 10% risk of failure)
Confirm with . or Enter, or press ? or * to list all spells.
One of your tentacles grows a vicious spike.
You constrict the leopard gecko. The leopard gecko bites you.
A red film seems to cover your vision as you go berserk!
You feel yourself moving faster!
You feel mighty!
You constrict the leopard gecko.
You kill the leopard gecko!
The adder bites you.
You have reached level 2!
You bludgeon the adder! You grab the adder.
You pierce the adder.
You kill the adder!
Your Unarmed Combat skill increases to level 5!
Your transformation is almost over.
The quokka bites you.
* * * LOW HITPOINT WARNING * * *
You closely miss the quokka. Your grab misses the quokka.
You pierce the quokka.
You kill the quokka!
Unknown command.
The hound bites you.
* * * LOW HITPOINT WARNING * * *
You bludgeon the hound! Your grab misses the hound.
The hound is severely wounded.
The hound bites you.
* * * LOW HITPOINT WARNING * * *
You bludgeon the hound!
You kill the hound!
Your Unarmed Combat skill gained 2 levels and is now at level 7!
You have reached level 3!
Your experience leads to an increase in your attributes!
Increase (s)trength, (i)ntelligence, or (d)exterity?
You feel stronger.
An adder skeleton is nearby!
The adder skeleton bites you.
You die... ▓▓▓▓▓▓▓▓▓▓▓▓▓▓▓▓▓▓ ▓<...'))...'..@Z.+ ▓▓▓▓▓▓▓▓▓▓▓▓▓▓▓▓▓▓

You could see an adder skeleton.

Vanquished Creatures
  A hound (D)
  An adder (D)
  A leopard gecko (D)
  2 bats (D)
  A goblin (D)
  A quokka (D)
  A kobold (D)
  A rat (D)
9 creatures vanquished.

Notes
Turn   | Place    | Note
-------+----------+-------------------------------------------
     0 | D        | sahdkjhfkaj the Octopode Transmuter began the quest for the
                  | Orb.
     0 | D        | Reached XP level 1. HP: 13/13 MP: 3/3
    12 | D        | Reached skill level 4 in Unarmed Combat
    55 | D        | Noticed a hound
    61 | D        | Reached XP level 2. HP: 10/18 MP: 3/5
    62 | D        | Reached skill level 5 in Unarmed Combat
    67 | D        | Reached skill level 7 in Unarmed Combat
    67 | D        | Reached XP level 3. HP: 4/23 MP: 3/6
    67 | D        | Slain by an adder skeleton

Illustrated notes

Levels and vault maps discovered:
D:        linesprint [early_d, line_temple, items_1, d_10, items_2, lair_1,
          lair_end, items_3, orc_1, orc_end, items_4, d_15, swamp_1, shoals_1,
          snake_1, spider_1, d_20, vaults_1, items_5, swamp_end, shoals_end,
          snake_end, spider_end, vaults_end, d_27, items_6, zot_1, zot_end,
          crypt_end, forest_end, elf_end, slime_end, tomb_end, abyss_end,
          pan_hell_end]

Skill      XL: |  1  2 |
---------------+-------+-----
Unarmed Combat | 4 7 |  7.5
Fighting       | |  1.0
Dodging        | |  2.0
Spellcasting   | |  2.0
Transmutations | |  2.0

Action                   || total
-------------------------++-------
Melee: Unarmed           ||    16
       Constrict         ||     2
       Kick              ||     2
 Cast: Beastly Appendage ||     1
  Use: Potion            ||     1
 Stab: Sleeping          ||     1
Armor: Skin              ||     1
Dodge: Dodged            ||    10

Table legend: (Time is in decaauts)
 A = Elapsed time spent in this place.
 B = Non-inter-level travel time spent in this place.
 C = Inter-level travel time spent in this place.
 D = Time resting spent in this place.
 E = Time spent auto-exploring this place.
 F = Levels seen in this place.
 G = Mean time per level.
                   A        B        C        D        E       F      G
               +--------+--------+--------+--------+--------+-----+--------+
         Total |     64 |     64 |      0 |      0 |     41 |   1 |   64.0 |
       Dungeon |     64 |     64 |      0 |      0 |     41 |   1 |   64.0 |
               +--------+--------+--------+--------+--------+-----+--------+

Top non-repeatable levels by time:
       D: 64 daAuts
